[Event "Titled Tuesday Blitz June 27 Early 2023"]
[White "Quirke, Jeffrey"]
[Black "Tanmay Jain"]
[WhiteFideId "2013029"]
[BlackFideId "45015481"]
[WhiteElo "2227"]
[BlackElo "2414"]
[Result "1-0"]
[Round "6"]
[TimeControl "180+2"]
[Date "2023.06.27"]
[WhiteClock "0:00:08"]
[BlackClock "0:00:04"]
[Board "171"]

1. e4 c6 2. d4 d5 3. exd5 cxd5 4. c3 Nf6 5. Nf3 e6 6. Be3 Bd6 7. Bd3 Nc6 8. O-O O-O 9. Nbd2 Qc7 10. h3 b6 11. Re1 h6 12. Nf1 Bb7 13. N1h2 e5 14. dxe5 Nxe5 15. Nxe5 Bxe5 16. Nf3 Bd6 17. Nd4 Bc5 18. Nf5 Bxe3 19. Rxe3 Bc8 20. Nd4 Bd7 21. Qc2 Rae8 22. Rae1 Rxe3 23. Rxe3 Re8 24. Qe2 Rxe3 25. Qxe3 Qd6 26. a3 Be6 27. Ne2 Nd7 28. Bc2 Ne5 29. Qd4 Nc4 30. Nf4 Nxb2 31. Nxe6 fxe6 32. Qg4 Nc4 33. Qg6 Kf8 34. Qh7 Qe5 35. Qh8+ Kf7 36. Qd8 Qd6 37. Qc8 Qe7 38. Qa6 Ne5 39. a4 Nc6 40. Bd3 Qc5 41. Bb5 Ne7 42. Qxa7 Kf6 43. g3 Nf5 44. a5 Qxb5 45. axb6 Nd6 46. Qc7 Qb1+ 47. Kg2 Qe4+ 48. Kg1 Qe1+ 49. Kg2 Ne4 50. Qf4+ Ke7 51. b7 Nd2 52. b8=Q Qf1+ 53. Kh2 Qc4 54. Qbc7+ Qxc7 55. Qxc7+ Kf6 56. Qf4+ Kg6 57. Qxd2 Kf7 58. Qd3 1-0


[Site "https://www.chess.com"]

[Event "Titled Tuesday Blitz June 27 Early 2023"]
[White "Ruge, Edison"]
[Black "Gatterer, Florian"]
[WhiteFideId "4401000"]
[BlackFideId "811688"]
[WhiteElo "2207"]
[BlackElo "2404"]
[Result "1-0"]
[Round "6"]
[TimeControl "180+2"]
[Date "2023.06.27"]
[WhiteClock "0:01:23"]
[BlackClock "0:00:00"]
[Board "172"]

1. e4 c5 2. Nf3 e6 3. d3 Nc6 4. Nbd2 Nf6 5. g3 Be7 6. Bg2 d5 7. O-O O-O 8. e5 Nd7 9. Re1 b5 10. Qe2 b4 11. Nf1 a5 12. h4 a4 13. Bf4 a3 14. b3 Ba6 15. N1h2 Re8 16. h5 h6 17. Ng4 Bf8 18. Qd2 c4 19. dxc4 dxc4 20. Rad1 Ra7 21. Bxh6 Ndxe5 22. Ngxe5 Qxd2 23. Bxd2 Nxe5 24. Nxe5 cxb3 25. cxb3 Rc7 26. Rc1 Rec8 27. Rxc7 Rxc7 28. Rc1 Bd6 29. Rxc7 Bxc7 30. Nc6 Bd3 31. Bxb4 Bb1 32. Bxa3 Bxa2 33. b4 Bc4 34. Nd4 e5 35. Nc2 f6 36. Ne3 Bd3 37. Bd5+ Kh7 38. Bc4 Be4 39. b5 Kh6 40. Bc5 Kxh5 41. b6 Bb8 42. Bd5 Bd3 43. b7 f5 44. Nc4 f4 45. Bf3+ Kh6 46. gxf4 exf4 47. Nb6 Bf5 48. Nc8 g5 49. Ne7 Be6 50. Nc6 Bc7 51. b8=Q Bxb8 52. Nxb8 g4 53. Be4 g3 54. f3 Kg5 55. Bd6 Bc8 56. Nc6 1-0


[Site "https://www.chess.com"]

[Event "Titled Tuesday Blitz June 27 Early 2023"]
[White "Gyulamiryan-koryun"]
[Black "Petrova, Irina"]
[BlackFideId "14124122"]
[WhiteElo "2001"]
[BlackElo "2399"]
[Result "1-0"]
[Round "6"]
[TimeControl "180+2"]
[Date "2023.06.27"]
[WhiteClock "0:00:21"]
[BlackClock "0:00:12"]
[Board "173"]

1. d4 d6 2. c4 e5 3. dxe5 dxe5 4. Qxd8+ Kxd8 5. Nc3 c6 6. Nf3 f6 7. e4 Be6 8. Be3 Nd7 9. O-O-O Kc7 10. h3 Ne7 11. Be2 Nc8 12. Kc2 Ncb6 13. b3 a5 14. a4 Nc5 15. Nd2 Na6 16. f4 Nb4+ 17. Kb2 Nd7 18. Nf3 exf4 19. Bxf4+ Kc8 20. Nd4 Bf7 21. Nf5 Nc5 22. Nd6+ Bxd6 23. Bxd6 Ne6 24. e5 f5 25. g4 Nf4 26. gxf5 Nxe2 27. Nxe2 Bh5 28. Rd2 Re8 29. Nf4 Bf3 30. Rg1 Be4 31. Ne6 Nd3+ 32. Rxd3 Bxd3 33. Rxg7 Bxf5 34. Rc7+ Kb8 35. Nc5 Bc8 36. Re7+ Ka7 37. Rxe8 Kb6 38. Ne4 Ka7 39. c5 b6 40. Nf6 bxc5 41. Bxc5+ Kb7 42. Bd6 Be6 43. Rxa8 Kxa8 44. Kc3 Kb7 45. b4 Kc8 46. bxa5 Kb7 47. h4 Ka6 48. Kb4 Bf5 49. Ne8 Be6 50. Nc7+ Kb7 51. Nxe6 Ka6 52. Nc5+ Ka7 53. e6 h5 54. e7 Ka8 55. e8=Q+ Ka7 56. Qd7+ 1-0


[Site "https://www.chess.com"]

[Event "Titled Tuesday Blitz June 27 Early 2023"]
[White "Howell, David W L"]
[Black "Vaglio Munoz, Jaime"]
[WhiteFideId "410608"]
[BlackFideId "6500145"]
[WhiteElo "3006"]
[BlackElo "2290"]
[Result "1-0"]
[Round "6"]
[TimeControl "180+2"]
[Date "2023.06.27"]
[WhiteClock "0:00:21"]
[BlackClock "0:00:08"]
[Board "174"]

1. d4 c6 2. Bf4 Qb6 3. Nf3 Nf6 4. Qc1 d6 5. h3 h6 6. e3 g5 7. Bh2 Bg7 8. Be2 Ne4 9. c3 Bf5 10. Nbd2 Nd7 11. a4 Nxd2 12. Nxd2 Nf6 13. a5 Qd8 14. O-O O-O 15. Rd1 Bg6 16. b4 Rc8 17. Qa3 Qd7 18. Rac1 h5 19. c4 g4 20. h4 d5 21. a6 b6 22. Bd3 e6 23. Bxg6 fxg6 24. Qd3 Kh7 25. Rc2 Rf7 26. Rdc1 Bf8 27. Rb1 Kg7 28. e4 dxe4 29. Nxe4 Nxe4 30. Qxe4 Rf5 31. b5 c5 32. Rd1 Qf7 33. d5 exd5 34. Be5+ Kh7 35. Qxd5 Re8 36. Qxf7+ Rxf7 37. Bg3 Bg7 38. Rcd2 Bd4 39. Kh2 Ref8 40. Rxd4 cxd4 41. Rxd4 Kg7 42. Rd6 Re7 43. Rc6 Rff7 44. Bd6 Rd7 45. Be5+ Kf8 46. Rc8+ Ke7 47. Bg3 Ke6 48. Rc6+ Kf5 49. c5 bxc5 50. Rxc5+ Ke4 51. Re5+ Kd4 52. Re6 Kc4 53. b6 axb6 54. Rxb6 Ra7 55. Rxg6 Kb5 56. Rh6 Rxa6 57. Rxh5+ Kc4 58. Rg5 Kd3 59. Rxg4 Ke2 60. Re4+ Kd3 61. f3 Ra2 62. Kh3 Rb7 63. Re1 Rbb2 64. Rd1+ Ke3 65. Rg1 Ra6 66. Be5 Re2 67. Bh2 Kf2 68. Rb1 Re1 69. Bg3+ Ke2 70. Rxe1+ Kd2 71. Re4 Kd3 72. Bf4 Ra5 73. Bg5 Ra1 74. Kg4 Ra6 75. g3 Kc2 76. h5 Ra3 77. Re5 Ra4+ 78. f4 Ra1 79. h6 Rh1 80. Re7 Kd3 81. h7 Kd4 82. Bh4 Kd5 83. h8=Q Kd6 84. Qe5+ Kc6 85. Rc7+ Kb6 86. Qc5+ Ka6 87. Ra7# 1-0


[Site "https://www.chess.com"]

[Event "Titled Tuesday Blitz June 27 Early 2023"]
[White "Rodrigues Mota, Romulo Cardoso S"]
[Black "Miladinovic, Igor"]
[WhiteFideId "2187442"]
[BlackFideId "4203380"]
[WhiteElo "2288"]
[BlackElo "2860"]
[Result "0-1"]
[Round "6"]
[TimeControl "180+2"]
[Date "2023.06.27"]
[WhiteClock "0:00:35"]
[BlackClock "0:02:27"]
[Board "175"]

1. e4 c6 2. d4 d5 3. Nc3 dxe4 4. Nxe4 Nf6 5. Nxf6+ exf6 6. Nf3 Bg4 7. c3 Bd6 8. h3 Bh5 9. Be2 O-O 10. O-O Re8 11. Be3 Nd7 12. Qd2 b5 13. Rfe1 Nb6 14. b3 a5 15. Bf4 Bxf4 16. Qxf4 Nd5 17. Qd2 b4 18. c4 Nc3 19. g4 Bg6 20. Bd3 Qd6 21. Bxg6 hxg6 22. a3 g5 23. Re3 g6 24. Rae1 Rxe3 25. Rxe3 Rd8 26. a4 Kg7 27. Qd3 Qf4 28. Nd2 Rxd4 29. Qc2 f5 30. Rf3 Qxd2 0-1


[Site "https://www.chess.com"]

[Event "Titled Tuesday Blitz June 27 Early 2023"]
[White "Mayank Chakraborty"]
[Black "Zaksaite, Salomeja"]
[WhiteFideId "25659766"]
[BlackFideId "12801496"]
[WhiteElo "2807"]
[BlackElo "2285"]
[Result "1-0"]
[Round "6"]
[TimeControl "180+2"]
[Date "2023.06.27"]
[WhiteClock "0:00:08"]
[BlackClock "0:00:00"]
[Board "176"]

1. d4 Nf6 2. Nc3 d5 3. Bf4 a6 4. e3 e6 5. Nf3 b5 6. Ne5 Bb7 7. Bd3 c5 8. dxc5 Bxc5 9. Ne2 O-O 10. O-O Nbd7 11. Nd4 Nxe5 12. Bxe5 Bd6 13. Bxd6 Qxd6 14. a4 b4 15. a5 e5 16. Nb3 Rac8 17. Qd2 Rfd8 18. Ra4 d4 19. Rxb4 Qc6 20. f3 Nd5 21. Rc4 dxe3 22. Rxc6 exd2 23. Rxc8 Rxc8 24. Nxd2 Nb4 25. Nc4 Nxc2 26. Nd6 Rd8 27. Nxb7 Rxd3 28. Rc1 Rd2 29. Nc5 Nd4 30. Ne4 Ne2+ 31. Kf1 Nxc1 32. Nxd2 Nd3 33. Nc4 f5 34. Ke2 e4 35. fxe4 fxe4 36. Ke3 Kf7 37. Kxe4 Nc5+ 38. Kd5 Nb3 39. Kc6 Ke6 40. Kb6 Kd5 41. Ne3+ Kd4 42. Nf5+ 1-0


[Site "https://www.chess.com"]

[Event "Titled Tuesday Blitz June 27 Early 2023"]
[White "Zaichenko, Daria"]
[Black "Orlov, Georgi"]
[WhiteFideId "4197453"]
[BlackFideId "2011271"]
[WhiteElo "2268"]
[BlackElo "2578"]
[Result "0-1"]
[Round "6"]
[TimeControl "180+2"]
[Date "2023.06.27"]
[WhiteClock "0:00:09"]
[BlackClock "0:01:34"]
[Board "177"]

1. e4 e6 2. d4 d5 3. Nd2 Be7 4. f4 dxe4 5. Nxe4 Nf6 6. Ng3 c5 7. c3 cxd4 8. cxd4 Bb4+ 9. Kf2 Nc6 10. Bb5 O-O 11. Bxc6 bxc6 12. Be3 Nd5 13. Nf3 Rb8 14. Ne5 Bb7 15. Qc2 Qb6 16. Nd7 Qc7 17. Nxf8 Bxf8 18. Rhf1 c5 19. Rac1 Nxf4 20. Bxf4 Qxf4+ 21. Kg1 Qxd4+ 22. Kh1 Bd5 23. b3 Bd6 24. Qc3 Qh4 25. Rf2 f5 26. Rd1 f4 27. Ne2 Qxf2 0-1


[Site "https://www.chess.com"]

[Event "Titled Tuesday Blitz June 27 Early 2023"]
[White "O`Gorman, Tom"]
[Black "Bolanos, Fernando"]
[WhiteFideId "2508249"]
[BlackFideId "3304094"]
[WhiteElo "2567"]
[BlackElo "2262"]
[Result "1-0"]
[Round "6"]
[TimeControl "180+2"]
[Date "2023.06.27"]
[WhiteClock "0:02:16"]
[BlackClock "0:00:19"]
[Board "178"]

1. c4 e6 2. g3 Nf6 3. Bg2 d5 4. Nf3 dxc4 5. O-O Be7 6. Qa4+ Bd7 7. Qxc4 c5 8. d4 b5 9. Qc2 c4 10. Ne5 Nd5 11. Nc3 f6 12. Nxd5 exd5 13. Bxd5 Bh3 14. Bxa8 Bxf1 15. Nc6 Nxc6 16. Bxc6+ Kf7 17. Kxf1 Qxd4 18. Be3 Qe5 19. Rd1 Rc8 20. Bd5+ Kf8 21. Qxh7 1-0


[Site "https://www.chess.com"]

[Event "Titled Tuesday Blitz June 27 Early 2023"]
[White "De Souza, Cristiano Gomes"]
[Black "Sharma, Dinesh K."]
[WhiteFideId "2151758"]
[BlackFideId "5004110"]
[WhiteElo "2252"]
[BlackElo "2552"]
[Result "0-1"]
[Round "6"]
[TimeControl "180+2"]
[Date "2023.06.27"]
[WhiteClock "0:00:00"]
[BlackClock "0:01:32"]
[Board "179"]

1. d4 d5 2. c4 c6 3. Nf3 Nf6 4. Nc3 a6 5. a4 dxc4 6. e4 e6 7. Bxc4 Bb4 8. e5 Nd5 9. Bd2 O-O 10. O-O c5 11. Ne4 Bxd2 12. Qxd2 cxd4 13. Qxd4 Nc6 14. Qd2 Ndb4 15. Qc3 Bd7 16. Rfd1 Qc7 17. Rd2 Rfd8 18. Rad1 Be8 19. Nd6 h6 20. Nxe8 Rxe8 21. Rd7 Qa5 22. Rxb7 Rab8 23. Rdd7 Rxb7 24. Rxb7 Qxa4 25. b3 Qa5 26. h3 Rd8 27. Kh2 Qc5 28. Rxf7 Nd5 29. Rxg7+ Kxg7 30. Qa1 Qxf2 31. Qxa6 Nf4 32. Qb7+ Kh8 33. Ne1 Qxe1 34. Qxc6 Qxe5 35. Qf3 Ng6+ 36. Qg3 Qxg3+ 37. Kxg3 e5 0-1


[Site "https://www.chess.com"]

[Event "Titled Tuesday Blitz June 27 Early 2023"]
[White "Lehtosaari, Mauri"]
[Black "Zampronha, Wladimir Camilo"]
[WhiteFideId "501999"]
[BlackFideId "2103087"]
[WhiteElo "2498"]
[BlackElo "2243"]
[Result "1/2-1/2"]
[Round "6"]
[TimeControl "180+2"]
[Date "2023.06.27"]
[WhiteClock "0:00:12"]
[BlackClock "0:01:05"]
[Board "180"]

1. d4 Nf6 2. f4 Ne4 3. Nd2 Nxd2 4. Bxd2 d5 5. Nf3 Bf5 6. c3 e6 7. Be3 Nd7 8. Bf2 Nf6 9. Qb3 Rb8 10. e3 c6 11. Bh4 Be7 12. Be2 O-O 13. O-O Ne4 14. Bxe7 Qxe7 15. Rad1 c5 16. Qa3 a6 17. Ne5 h6 18. Bf3 Rfc8 19. Bxe4 Bxe4 20. dxc5 f6 21. Nd3 Bxd3 22. Rxd3 Qxc5 23. Qxc5 Rxc5 24. Kf2 Kf7 25. Re1 f5 26. Rc1 b5 27. Rd4 a5 28. Rcd1 Ke7 29. h3 b4 30. cxb4 axb4 31. R1d2 Kd6 32. g4 g6 33. Kf3 Ra5 34. b3 Rc5 35. Rg2 Ra5 36. gxf5 gxf5 37. Rdd2 Rba8 38. h4 R8a7 39. h5 Ra8 40. Rc2 R8a6 41. Rgd2 Rc5 42. Rxc5 Kxc5 43. Rg2 Kd6 44. Rg6 Kc5 45. Rxh6 d4 46. exd4+ Kxd4 47. Rh8 Kc3 48. Rb8 Rxa2 49. Kg3 Ra3 50. h6 Ra7 51. Kh4 Kxb3 52. Kg5 Ka3 53. Kf6 Rh7 54. Kxe6 Rxh6+ 55. Kxf5 Rh1 56. Kf6 b3 57. f5 b2 58. Kf7 Rh4 59. Rxb2 Kxb2 60. f6 Rf4 61. Kg7 Rxf6 62. Kxf6 1/2-1/2


[Site "https://www.chess.com"]

[Event "Titled Tuesday Blitz June 27 Early 2023"]
[White "Abrosimov, Vladimir"]
[Black "Gundam, Rohit"]
[WhiteFideId "4166892"]
[BlackFideId "75002809"]
[WhiteElo "2237"]
[BlackElo "2474"]
[Result "0-1"]
[Round "6"]
[TimeControl "180+2"]
[Date "2023.06.27"]
[WhiteClock "0:01:08"]
[BlackClock "0:00:15"]
[Board "181"]

1. c4 Nf6 2. Nc3 e5 3. g3 c6 4. Bg2 d5 5. cxd5 cxd5 6. d4 e4 7. Bg5 Nbd7 8. Qd2 h6 9. Bf4 a6 10. a3 b5 11. Rc1 Bb7 12. b4 Rc8 13. e3 Nb6 14. Nge2 Nc4 15. Qa2 g5 16. Be5 Bg7 17. O-O O-O 18. a4 Qe7 19. axb5 axb5 20. Nxb5 Qxb4 21. Rb1 Qd2 22. Ra1 Ra8 23. Qxd2 Nxd2 24. Rxa8 Rxa8 25. Rd1 Ra2 26. Nd6 Ba6 27. Nc3 Rc2 28. Na4 Ng4 29. Bxg7 Kxg7 30. h3 Nxf2 31. Nf5+ Kf6 32. Kxf2 Nf3+ 33. Rd2 Rxd2# 0-1


[Site "https://www.chess.com"]

[Event "Titled Tuesday Blitz June 27 Early 2023"]
[White "Garcia Almaguer, Juan Manuel"]
[Black "Li, Eric"]
[WhiteFideId "5110491"]
[BlackFideId "30939941"]
[WhiteElo "2473"]
[BlackElo "2237"]
[Result "0-1"]
[Round "6"]
[TimeControl "180+2"]
[Date "2023.06.27"]
[WhiteClock "0:00:18"]
[BlackClock "0:00:13"]
[Board "182"]

1. e4 c5 2. Nf3 Nc6 3. d4 cxd4 4. Nxd4 g6 5. c4 Bg7 6. Nc2 Qb6 7. Nc3 Bxc3+ 8. bxc3 Nf6 9. Be3 Qa5 10. Qd3 Ne5 11. Qd4 Nc6 12. Qd3 d6 13. f3 Be6 14. Bd4 Nxd4 15. Nxd4 O-O 16. Nxe6 fxe6 17. Be2 Nd7 18. O-O Rac8 19. Rfb1 Nc5 20. Qd4 Qc7 21. h4 e5 22. Qe3 b6 23. Rb5 Ne6 24. g3 Qd7 25. Rd1 Rc5 26. a4 Qc6 27. Bf1 a6 28. Rb4 Rf6 29. Rd5 Nc7 30. Rxc5 dxc5 31. Rb1 Qxa4 32. Qg5 Qc2 33. Rc1 Qb2 34. Bg2 Ne6 35. Qe3 a5 36. Qe1 Qb3 37. Rb1 Qxc4 38. Rxb6 Kg7 39. Bf1 Qa4 40. f4 Nd4 41. cxd4 Qxd4+ 42. Kh2 Rxb6 43. fxe5 Rb2+ 44. Bg2 Qd2 45. Qf1 a4 46. e6 Qxg2+ 47. Qxg2 Rxg2+ 48. Kxg2 a3 0-1


[Site "https://www.chess.com"]

[Event "Titled Tuesday Blitz June 27 Early 2023"]
[White "Molenda, Marcin"]
[Black "Mishra, Manoj"]
[WhiteFideId "1173065"]
[BlackFideId "5006007"]
[WhiteElo "2463"]
[BlackElo "2224"]
[Result "1-0"]
[Round "6"]
[TimeControl "180+2"]
[Date "2023.06.27"]
[WhiteClock "0:00:36"]
[BlackClock "0:00:00"]
[Board "183"]

1. e4 Nf6 2. e5 Nd5 3. Nf3 d6 4. d4 Nb6 5. Bd3 Bg4 6. h3 Bxf3 7. Qxf3 Nc6 8. exd6 Qxd6 9. c3 Qf6 10. Qxf6 exf6 11. a4 Bd6 12. a5 Nd7 13. a6 O-O-O 14. axb7+ Kxb7 15. O-O Nb6 16. Nd2 Bf4 17. Nb3 Bxc1 18. Nc5+ Kb8 19. Rfxc1 Nd7 20. Na6+ Kb7 21. Be4 Nb8 22. Nxb8 Rxb8 23. b4 Rhe8 24. Bd5 Rbd8 25. Bf3 Kb6 26. c4 Nxb4 27. Ra4 a5 28. Rca1 Rxd4 29. Rxa5 Rxc4 30. Rh5 h6 31. Rb1 c5 32. Bd5 Rd4 33. Bxf7 Re2 34. Rf5 Kc6 35. Rc1 Nd3 36. Ra1 Rb4 37. Bh5 Rd2 38. Bf3+ Kb5 39. Rd5 Rbb2 40. Rd7 Nxf2 41. Rxg7 Nd3 42. Rb7+ Kc4 43. Rf7 Ne5 44. Rc1+ Kd4 45. Rxf6 Nxf3+ 46. gxf3 Rg2+ 47. Kf1 Rbf2+ 48. Ke1 Re2+ 49. Kf1 Ref2+ 50. Ke1 Rg1+ 51. Kxf2 Rxc1 52. Rxh6 Rh1 53. Kg2 Re1 54. Rd6+ Ke5 55. Rd8 c4 56. Re8+ Kd4 57. Rxe1 1-0


[Site "https://www.chess.com"]

[Event "Titled Tuesday Blitz June 27 Early 2023"]
[White "Clawitter, Craig"]
[Black "Eidelman, Gabriel"]
[WhiteFideId "2023105"]
[BlackFideId "30910544"]
[WhiteElo "2214"]
[BlackElo "2440"]
[Result "0-1"]
[Round "6"]
[TimeControl "180+2"]
[Date "2023.06.27"]
[WhiteClock "0:00:00"]
[BlackClock "0:00:34"]
[Board "184"]

1. e4 c5 2. Nf3 d6 3. d4 cxd4 4. Nxd4 Nf6 5. Nc3 Nc6 6. Bc4 Qb6 7. Nb3 e6 8. Be3 Qc7 9. Qe2 a6 10. O-O-O b5 11. Bd3 Be7 12. f4 O-O 13. g4 Bb7 14. g5 Nd7 15. f5 b4 16. Na4 Nce5 17. Nd4 Bc6 18. fxe6 Bxa4 19. exd7 Bxd7 20. Nf5 Rfe8 21. Nxe7+ Rxe7 22. Bd4 Be6 23. Kb1 a5 24. h4 a4 25. h5 b3 26. cxb3 axb3 27. a3 Bg4 0-1


[Site "https://www.chess.com"]

[Event "Titled Tuesday Blitz June 27 Early 2023"]
[White "Luxama, Jacques Muller"]
[Black "Grossboss19"]
[WhiteFideId "11900113"]
[WhiteElo "2180"]
[BlackElo "2415"]
[Result "1-0"]
[Round "6"]
[TimeControl "180+2"]
[Date "2023.06.27"]
[WhiteClock "0:01:27"]
[BlackClock "0:01:50"]
[Board "185"]

1. e4 c6 2. d4 d5 3. e5 g6 4. c4 Bg7 5. Nc3 dxc4 6. Bxc4 e6 7. Nf3 Ne7 8. h4 b5 9. Bb3 Nf5 10. g4 Nh6 11. Ng5 Na6 12. Nge4 Nb4 13. h5 a5 14. Bg5 Qd7 15. Bxh6 a4 16. Bxg7 1-0


[Site "https://www.chess.com"]

[Event "Titled Tuesday Blitz June 27 Early 2023"]
[White "Nilssen, Ellen Fredericia"]
[Black "Bochnicka, Vladimir"]
[WhiteFideId "1441230"]
[BlackFideId "14943450"]
[WhiteElo "2172"]
[BlackElo "2400"]
[Result "1-0"]
[Round "6"]
[TimeControl "180+2"]
[Date "2023.06.27"]
[WhiteClock "0:00:54"]
[BlackClock "0:00:50"]
[Board "186"]

1. Nf3 c5 2. b3 Nc6 3. Bb2 d6 4. d4 cxd4 5. Nxd4 Nf6 6. g3 Bd7 7. Bg2 Rc8 8. O-O g6 9. c4 Bg7 10. Nf3 O-O 11. Nc3 a6 12. Rc1 h6 13. Qd2 Kh7 14. Rfd1 Qa5 15. a3 Qh5 16. Na4 Ne4 17. Qe1 Bxb2 18. Nxb2 Bh3 19. Nd3 Bxg2 20. Kxg2 Ng5 21. Nxg5+ Qxg5 22. Nf4 h5 23. Qd2 Ne5 24. Ne6 Qf5 25. Nxf8+ Rxf8 26. Qc2 Qg5 27. f4 1-0


[Site "https://www.chess.com"]

[Event "Titled Tuesday Blitz June 27 Early 2023"]
[White "Srdanovic, Jovana"]
[Black "Samarth J Rao"]
[WhiteFideId "954810"]
[BlackFideId "46652370"]
[WhiteElo "2396"]
[BlackElo "2179"]
[Result "1/2-1/2"]
[Round "6"]
[TimeControl "180+2"]
[Date "2023.06.27"]
[WhiteClock "0:00:42"]
[BlackClock "0:00:49"]
[Board "187"]

1. d4 Nf6 2. c4 e6 3. Nf3 b6 4. a3 Bb7 5. Nc3 Be7 6. e3 O-O 7. Bd3 d5 8. cxd5 Nxd5 9. O-O c5 10. Qc2 h6 11. Rd1 cxd4 12. Nxd4 Nxc3 13. Qxc3 Qd5 14. e4 Qc5 15. Qxc5 Bxc5 16. Be3 Bxd4 17. Bxd4 Nc6 18. Bc3 Rfd8 19. Bc2 Ne7 20. Rxd8+ Rxd8 21. Rd1 Rxd1+ 22. Bxd1 Bxe4 23. f3 Bc6 24. Kf2 f6 25. Bb3 Kf7 26. Ke2 Bd5 27. Ba4 Bc6 28. Bb3 h5 29. Bb4 Nf5 30. Kd3 Bb5+ 31. Ke4 h4 32. a4 Bc6+ 33. Kd3 h3 34. g4 Nh4 35. f4 Nf3 36. f5 Bd5 37. Bxd5 exd5 38. Bd6 Ne5+ 39. Kd4 Nxg4 40. Kxd5 Ne3+ 41. Ke4 Nc4 42. Bb8 a6 43. b4 g6 44. fxg6+ Kxg6 45. b5 axb5 46. axb5 Kg5 47. Kf3 Na3 48. Bc7 Nxb5 49. Bxb6 Kh4 50. Bf2+ Kh5 51. Kg3 Nc3 52. Kxh3 Ne2 53. Kg2 Kg4 54. h3+ Kf4 55. Bh4 f5 56. Kf2 Nc3 57. Bg3+ Ke4 58. h4 Nd5 59. Bd6 Nf6 60. Be7 Nh5 61. Bg5 Nf4 62. Kg3 Ne2+ 63. Kh3 Nd4 64. h5 Ne6 65. Be7 Nf4+ 66. Kh4 Nxh5 67. Kxh5 f4 68. Kg4 f3 1/2-1/2


[Site "https://www.chess.com"]

[Event "Titled Tuesday Blitz June 27 Early 2023"]
[White "Biriukov, Ilja"]
[Black "Szente Varga, Fruzsina"]
[WhiteFideId "4113373"]
[BlackFideId "712264"]
[WhiteElo "2303"]
[BlackElo "2350"]
[Result "0-1"]
[Round "6"]
[TimeControl "180+2"]
[Date "2023.06.27"]
[WhiteClock "0:00:19"]
[BlackClock "0:00:03"]
[Board "188"]

1. c4 e5 2. Nc3 f5 3. d3 Nf6 4. g3 g6 5. Bg2 Bg7 6. e3 O-O 7. Nge2 d6 8. O-O c6 9. Rb1 Be6 10. b4 d5 11. cxd5 cxd5 12. d4 e4 13. Nf4 Bf7 14. h4 Nbd7 15. Na4 Nb6 16. Nc5 Qe7 17. Bd2 Nc4 18. Qe2 b6 19. Na6 h6 20. b5 Nxd2 21. Qxd2 g5 22. hxg5 hxg5 23. Ne2 Rac8 24. Rfc1 Qe6 25. Rxc8 Rxc8 26. Rc1 Bf8 27. Rc2 Be8 28. a4 Qd7 29. Qc1 Rxc2 30. Qxc2 Bd6 31. Bh3 Kg7 32. Nc3 Kg6 33. Qb3 Bf7 34. Nb4 Bc7 35. Nc6 Bd6 36. Na2 g4 37. Bf1 Nh7 38. Nab4 Bxb4 39. Qxb4 Ng5 40. Be2 Nh3+ 41. Kg2 Kf6 42. a5 bxa5 43. Qxa5 Ng5 44. Qxa7 Qe8 45. Qb6 Qh8 46. Ne5+ Kg7 47. Nxf7 Kxf7 48. Qb7+ Kf6 49. Qxd5 Qh3+ 50. Kg1 Nf3+ 51. Bxf3 gxf3 52. Qd6+ Kg5 53. Qe7+ Kg6 54. Qe6+ Kg7 55. Qd7+ Kg6 56. Qe8+ Kf6 57. Qf8+ Ke6 58. Qg8+ Kd6 59. Qd8+ Ke6 60. d5+ Ke5 61. Qd7 Qg2# 0-1


[Site "https://www.chess.com"]

[Event "Titled Tuesday Blitz June 27 Early 2023"]
[White "Sovetbekova, Nurai"]
[Black "Vargas Rodriguez, Wilver"]
[WhiteFideId "13801910"]
[BlackFideId "3509672"]
[WhiteElo "2347"]
[BlackElo "2144"]
[Result "1-0"]
[Round "6"]
[TimeControl "180+2"]
[Date "2023.06.27"]
[WhiteClock "0:00:31"]
[BlackClock "0:00:00"]
[Board "189"]

1. d4 Nf6 2. c4 e6 3. Nc3 d6 4. e4 Nbd7 5. Nf3 e5 6. d5 g6 7. Be2 Bg7 8. Nd2 O-O 9. h4 h6 10. h5 g5 11. O-O Ne8 12. b4 f5 13. exf5 Rxf5 14. Bg4 Rf4 15. Nde4 Rf8 16. Be3 Ndf6 17. Bxc8 Qxc8 18. c5 Nxe4 19. Nxe4 Nf6 20. Nxf6+ Rxf6 21. Rc1 Qd7 22. c6 bxc6 23. Rxc6 Raf8 24. Qc2 R8f7 25. Bxa7 Qg4 26. Rxc7 Qxh5 27. Rxf7 Rxf7 28. Be3 g4 29. g3 Rf3 30. b5 Qf7 31. Qc8+ Kh7 32. Qxg4 Qxd5 33. b6 1-0


[Site "https://www.chess.com"]

[Event "Titled Tuesday Blitz June 27 Early 2023"]
[White "Jaivardhan Raj"]
[Black "Ng, Clive"]
[WhiteFideId "25744437"]
[BlackFideId "3214869"]
[WhiteElo "2094"]
[BlackElo "2339"]
[Result "0-1"]
[Round "6"]
[TimeControl "180+2"]
[Date "2023.06.27"]
[WhiteClock "0:00:00"]
[BlackClock "0:00:20"]
[Board "190"]

1. e4 c5 2. Nf3 Nc6 3. d4 cxd4 4. Nxd4 Nf6 5. Nc3 e5 6. Ndb5 d6 7. Bg5 a6 8. Na3 b5 9. Nd5 Be7 10. Bxf6 Bxf6 11. c3 Bg5 12. Nc2 Ne7 13. Ncb4 O-O 14. Nxe7+ Qxe7 15. Nd5 Qb7 16. h4 Bd8 17. Bd3 Be6 18. Ne3 Bb6 19. Qf3 Bxe3 20. Qxe3 f5 21. f3 d5 22. exf5 Bxf5 23. O-O Bxd3 24. Qxd3 Rad8 25. Rae1 Qc7 26. Qe3 Rfe8 27. Re2 Qc4 28. a3 Qxh4 29. Rd1 Qc4 30. Rde1 Re6 31. f4 e4 32. f5 Rf6 33. g4 h5 34. Qg5 hxg4 35. Qxg4 Qc5+ 36. Kg2 Rdf8 37. Rf2 Qe7 38. Rh1 e3 39. Rf3 e2 40. Kf2 Re8 41. Re1 Qe5 42. Rxe2 Qxe2+ 43. Kg3 Qe1+ 44. Kf4 Qd2+ 0-1


[Site "https://www.chess.com"]

[Event "Titled Tuesday Blitz June 27 Early 2023"]
[White "Maluco_do_Natal_00"]
[Black "Nithyalakshmi, Sivanesan"]
[BlackFideId "5706955"]
[WhiteElo "2061"]
[BlackElo "2336"]
[Result "0-1"]
[Round "6"]
[TimeControl "180+2"]
[Date "2023.06.27"]
[WhiteClock "0:00:00"]
[BlackClock "0:00:44"]
[Board "191"]

1. e4 e6 2. d4 d5 3. Nc3 Nf6 4. e5 Nfd7 5. f4 c5 6. Nf3 Nc6 7. Be3 a6 8. Qd2 b5 9. a3 Qb6 10. Be2 Bb7 11. O-O Be7 12. Kh1 f6 13. exf6 Nxf6 14. Rad1 O-O 15. dxc5 Bxc5 16. Bxc5 Qxc5 17. Nd4 Nxd4 18. Qxd4 Qxd4 19. Rxd4 Rac8 20. Kg1 Nd7 21. g3 Rc5 22. Bg4 Kf7 23. Re1 Re8 24. Re2 Nf6 25. Bf3 a5 26. g4 Ba6 27. Re5 Nd7 28. Re1 Rb8 29. g5 b4 30. axb4 axb4 31. Na4 Rxc2 32. h4 Bb5 33. b3 Bxa4 34. bxa4 b3 35. Rb1 b2 0-1


[Site "https://www.chess.com"]

[Event "Titled Tuesday Blitz June 27 Early 2023"]
[White "Semenova, Alina"]
[Black "Bueno, Alfeu Junior Varela"]
[WhiteFideId "24113875"]
[BlackFideId "2108879"]
[WhiteElo "2055"]
[BlackElo "2309"]
[Result "0-1"]
[Round "6"]
[TimeControl "180+2"]
[Date "2023.06.27"]
[WhiteClock "0:02:05"]
[BlackClock "0:01:30"]
[Board "192"]

1. e4 e6 2. d4 d5 3. exd5 exd5 4. Nf3 Nc6 5. Bd3 Bg4 6. O-O Bd6 7. h3 Bh5 8. Nbd2 Nxd4 9. Qe1+ Ne6 10. Ng5 Qxg5 11. Ne4 Qe7 12. Nxd6+ Qxd6 13. f4 f5 14. g4 fxg4 15. f5 gxh3 16. fxe6 Nf6 17. Bg5 O-O-O 18. Qa5 Qg3+ 19. Kh1 Qg2# 0-1


[Site "https://www.chess.com"]

[Event "Titled Tuesday Blitz June 27 Early 2023"]
[White "Osinovsky, Stepan"]
[Black "Ajavon, Anthony Obieni"]
[WhiteFideId "4157354"]
[BlackFideId "12600784"]
[WhiteElo "2307"]
[BlackElo "2016"]
[Result "1-0"]
[Round "6"]
[TimeControl "180+2"]
[Date "2023.06.27"]
[WhiteClock "0:00:04"]
[BlackClock "0:00:12"]
[Board "193"]

1. Nf3 d5 2. g3 Nf6 3. Bg2 Bg4 4. O-O e6 5. d3 Nc6 6. c4 Be7 7. cxd5 exd5 8. a3 O-O 9. b4 Re8 10. Bb2 h6 11. Nbd2 Qd7 12. b5 Na5 13. Ne5 Qxb5 14. Rb1 Be6 15. Bc3 Qa6 16. Qa4 b6 17. Nb3 Bd6 18. Nc6 Bd7 19. Bxf6 Bxc6 20. Qg4 Bf8 21. Nd4 Kh8 22. Nf5 gxf6 23. Qh4 Re6 24. Rb4 Nc4 25. dxc4 dxc4 26. Rxc4 Bxg2 27. Kxg2 Re5 28. Qxf6+ Kh7 29. Qxf7+ Bg7 30. Qxg7# 1-0


[Site "https://www.chess.com"]